 Dungeon Crawl Stone Soup version 0.28-a0-245-g639a1a48b9 (webtiles) character file.

Game seed: 6059074683310833990

175 siradein the Sneak (level 5, 0/38 HPs)
             Began as a Demonspawn Brigand on Aug 25, 2021.
             Succumbed to a gnoll sergeant's poison
             ... on level 5 of the Dungeon.
             The game lasted 00:05:44 (2580 turns).

siradein the Sneak (Demonspawn Brigand)             Turns: 2580, Time: 00:05:44

Health: 0/38       AC: 12    Str: 11    XL:     5   Next: 29%
Magic:  5/5        EV: 11    Int: 13    God:
Gold:   71         SH:  0    Dex: 15    Spells: 4/4 levels left

rFire   . . .      SeeInvis .   m - +0 rapier
rCold   . . .      Faith    .   (no shield)
rNeg    . . .      Spirit   .   b - +0 robe
rPois   .          Reflect  .   p - +0 helmet
rElec   .          Harm     .   c - +0 cloak
rCorr   .          Rampage  .   (no gloves)
Will    .....                   j - +1 pair of boots {Stlth+}
Stlth   ++++......              (no amulet)
HPRegen 0.12/turn               (no ring)
MPRegen 0.09/turn               (no ring)

@: lethally poisoned (0 -> -28), sanguine armoured
A: talons 1, demonic guardian 1, powered by death 1, sanguine armour 1
a: no special abilities


You were on level 5 of the Dungeon.
You visited 1 branch of the dungeon, and saw 4 of its levels.

You collected 71 gold pieces.

Inventory:

Hand Weapons
 a - a +2 dagger
 m - a +0 rapier (weapon)
Missiles
 d - 4 poisoned darts (quivered)
 e - 2 curare-tipped darts
Armour
 b - a +0 robe (worn)
 c - a +0 cloak (worn)
 j - a +1 pair of boots of stealth (worn)
 p - a +0 helmet (worn)
Scrolls
 f - a scroll of acquirement {unknown}
 g - a scroll of identify {unknown}
 h - 4 scrolls of teleportation {unknown}
 l - 3 scrolls of noise {unknown}
 n - a scroll of magic mapping {unknown}
 o - a scroll of amnesia {unknown}
Potions
 i - a potion of attraction {unknown}
 k - 2 potions of haste {unknown}
 q - a potion of flight {unknown}


   Skills:
 - Level 2.0 Fighting
 + Level 3.2 Short Blades
 + Level 3.2 Throwing
 - Level 0.8 Dodging
 + Level 4.7 Stealth


You had 4 spell levels left.
You didn't know any spells.
Your spell library was empty.

Dungeon Overview and Level Annotations

Branches:
Dungeon (3/15)

Altars:

Shops:
D:1 =


Innate Abilities, Weirdness & Mutations

You have sharp toenails.
A weak demonic guardian rushes to your aid.
You regenerate a little health from kills.
When seriously injured, your bleeding wounds create armour. (AC +6)


Message History

You hear the rusting of a very distant drain.
The helpless quokka fails to defend itself.
You impale the quokka!!
You kill the quokka!
You open the door. 2 gnolls and a gnoll sergeant come into view.
The gnoll sergeant is wielding a +0 trident of venom and wearing a +1 scale mail of fire resistance.
The gnoll shouts!
You hear a shout! x2
A gnoll comes into view. It is wielding a +0 spear. x2
The gnoll shouts!
m - a +0 rapier (weapon)
The gnoll sergeant shouts!
There is an open door here.
The gnoll hits you with a +0 spear.
You hit the gnoll.
The gnoll is lightly wounded.
The gnoll hits you but does no damage.
You puncture the gnoll!
The gnoll is severely wounded.
The gnoll sergeant hits you with a +0 trident of venom.
You are poisoned.
The gnoll hits you with a +0 spear.
You puncture the gnoll!
You kill the gnoll!
Your blood congeals into armour.
You feel very sick.
The gnoll sergeant hits you with a +0 trident of venom!
* * * LOW HITPOINT WARNING * * *
You are more poisoned.
You hit the gnoll sergeant.
The gnoll sergeant is lightly wounded.
* * * LOW HITPOINT WARNING * * *
You feel very sick.
The gnoll sergeant hits you with a +0 trident of venom.
* * * LOW HITPOINT WARNING * * *
A demonic guardian appears!
You are more poisoned.
You barely miss the gnoll sergeant.
The gnoll sergeant is lightly wounded.
You die...

..
#....#######....#..........#
gg
+..........#....'..........#
.g
#..........#....##'#########
.. #....?.....#....#...#
#g###..........#....#...#
..........g....#....+...#
...##...###....#....#...#
...########....#.)..##########
.####...#......#@...#........#
........+......g....#........#
...##...########..5.###.....##
...##...###..#####......#####
.+###.........'..#......#
...##.........#..#......#
..........^...#..#......#
<..##'##..#..##..#......#####
####....############........#


You could see a gnoll sergeant (ally target) and a friendly white imp
(summoned).

Vanquished Creatures
  A scorpion (D:5)
  A jelly (D:5)
  An orc wizard (D:3)
  An adder (D:5)
  A gnoll (D:5)
  A worm (D:2)
  An orc (D:3)
  6 ball pythons
  3 endoplasms
  A giant cockroach (D:2)
  3 goblins (D:1)
  3 hobgoblins
  3 quokkas
  A bat (D:2)
  2 frilled lizards (D:3)
  7 kobolds
  6 rats
42 creatures vanquished.

Notes
Turn   | Place    | Note
-------+----------+-------------------------------------------
     0 | D:1      | siradein the Demonspawn Brigand began the quest for the
                  | Orb.
     0 | D:1      | Reached XP level 1. HP: 16/16 MP: 1/1
   193 | D:1      | Found Nagoufa's Jewellery Boutique.
   250 | D:1      | Gained mutation: You have sharp toenails. [demonic
                  | ancestry]
   250 | D:1      | Reached XP level 2. HP: 22/22 MP: 2/2
  1170 | D:2      | Reached skill level 4 in Stealth
  1358 | D:2      | Gained mutation: You regenerate a little health from kills.
                  | [demonic ancestry]
  1358 | D:2      | Reached XP level 3. HP: 27/27 MP: 3/3
  1920 | D:3      | Found a faded altar of an unknown god.
  2019 | D:3      | HP: 1/27 [frozen (4)]
  2327 | D:3      | You fall into a shaft and drop 2 floors!
  2327 | D:5      | Entered Level 5 of the Dungeon
  2414 | D:5      | Gained mutation: A weak demonic guardian rushes to your
                  | aid. [demonic ancestry]
  2414 | D:5      | Reached XP level 4. HP: 33/33 MP: 4/4
  2456 | D:5      | Noticed a scorpion
  2519 | D:5      | Killed a scorpion
  2520 | D:5      | Gained mutation: When seriously injured, your bleeding
                  | wounds create armour. (AC +6) [demonic ancestry]
  2520 | D:5      | Reached XP level 5. HP: 38/38 MP: 5/5
  2580 | D:5      | Succumbed to a gnoll sergeant's poison

Illustrated notes

Levels and vault maps discovered:
D:1:      scummos_arrival_star, layout_loops_cross, serial_shops, shop,
          kennysheep_minor_cross
D:2:      layout_basic
D:3:      layout_basic, mainiacjoe_overflow_alcove_1,
          shapermc_ecumenical_altar_gd, minmay_misc_feat_encased,
          kennysheep_pointless_box, dk_noncrumbling_3, minivault_26,
          minmay_between, uniq_terence
D:5:      layout_gridville, gup_sewer_entry_bubbles, hangedman_decor_lopped

Skill      XL: |  1  2  3  4 |
---------------+-------------+-----
Short Blades   | 2 3 |  3.2
Throwing       | 2 3 |  3.2
Stealth        | 4 |  4.7
Fighting       | |  2.0
Dodging        | |  0.8

Action                   |  1- 3 |  4- 6 || total
-------------------------+-------+-------++-------
Melee: Dagger            |    82 |     3 ||    85
       Kick              |     7 |       ||     7
       Rapier            |    19 |     5 ||    24
Throw: Dart              |     4 |       ||     4
 Stab: Sleeping          |    12 |     3 ||    15
Armor: Robe              |    23 |     1 ||    24
Dodge: Dodged            |    39 |       ||    39

Table legend: (Time is in decaauts)
 A = Elapsed time spent in this place.
 B = Non-inter-level travel time spent in this place.
 C = Inter-level travel time spent in this place.
 D = Time resting spent in this place.
 E = Time spent auto-exploring this place.
 F = Levels seen in this place.
 G = Mean time per level.
                   A        B        C        D        E       F      G
               +--------+--------+--------+--------+--------+-----+--------+
         Total |   2568 |   2497 |     71 |    148 |   1671 |   4 |  642.0 |
       Dungeon |   2568 |   2497 |     71 |    148 |   1671 |   4 |  642.0 |
               +--------+--------+--------+--------+--------+-----+--------+

Top non-repeatable levels by time:
     D:1: 1140 daAuts
     D:2: 703 daAuts
     D:3: 472 daAuts
     D:5: 251 daAuts
